 Dungeon Crawl Stone Soup version 0.24-a0-368-g0e0cebd0f3 (webtiles) character file.

Game seed: 6461306951389978284

49263 Xerfei the Peltast (level 14, -3/125 HPs)
             Began as a Minotaur Berserker on May 29, 2019.
             Was a High Priest of Trog.
             Slain by an azure jelly (8 damage)
             ... on level 1 of the Pits of Slime on Nov 20, 2019.
             The game lasted 01:46:55 (19955 turns).

Xerfei the Peltast (Minotaur Berserker)            Turns: 19955, Time: 01:46:56

Health: -3/125     AC: 12    Str: 27    XL:     14   Next: 15%
Magic:  0/13       EV: 15    Int:  4    God:    Trog [*****.]
Gold:   852        SH:  0    Dex: 10    Spells: 13/13 levels left

rFire    . . .     SeeInvis .   q - +4 trident (vamp)
rCold    . . .     Gourm    .   v - +0 shield
rNeg     . . .     Faith    .   O - +0 troll leather armour
rPois    .         Spirit   +   (helmet restricted)
rElec    .         Reflect  .   a - +0 cloak
rCorr    +         Harm     .   s - +2 pair of gloves
MR       +....                  N - +0 pair of boots
Stlth    +.........             E - amulet of guardian spirit
HPRegen  0.70/turn              D - ring of resist corrosion
MPRegen  0.13/turn              (no ring)

@: confused, studying Axes
A: retaliatory headbutt, horns 2
a: Berserk, Trog's Hand, Brothers in Arms, Renounce Religion


You were on level 1 of the Pits of Slime.
You worshipped Trog.
Trog was extremely pleased with you.
You were hungry.

You visited 5 branches of the dungeon, and saw 19 of its levels.
You visited the Abyss 1 time.

You collected 852 gold pieces.

Inventory:

Hand Weapons
 d - a +3 spear of piercing
 i - a +0 flail of crushing
 q - a +4 vampiric trident (weapon)
 V - a +2 demon blade of flaming
Armour
 a - a +0 cloak (worn)
 s - a +2 pair of gloves (worn)
 v - a +0 shield (worn)
 C - +0 acid dragon scales
 N - a +0 pair of boots (worn)
 O - a +0 troll leather armour (worn)
Jewellery
 D - a ring of resist corrosion (left hand)
 E - an amulet of guardian spirit (around neck)
 P - an uncursed ring of ice {unknown}
 U - an uncursed ring of see invisible {unknown}
Wands
 m - a wand of digging (5)
 o - a wand of disintegration (30)
 B - a wand of paralysis (22)
 H - a wand of random effects (24)
Scrolls
 g - 3 scrolls of teleportation
 h - a scroll of blinking {unknown}
 j - 2 scrolls of identify
 k - 2 scrolls of noise {unknown}
 l - 7 scrolls of remove curse
 n - 3 scrolls of amnesia
 w - 2 scrolls of enchant weapon
 y - a scroll of magic mapping {unknown}
 z - a scroll of fog {unknown}
 F - 2 scrolls of random uselessness {unknown}
 L - a scroll of vulnerability {unknown}
 M - a scroll of torment {unknown}
 R - 2 scrolls of acquirement {unknown}
Potions
 b - a potion of magic {unknown}
 e - 4 potions of curing
 f - 2 potions of berserk rage {unknown}
 p - 2 potions of brilliance {unknown}
 r - a potion of cancellation
 t - a potion of might {unknown}
 x - 3 potions of lignification {unknown}
 A - 2 potions of mutation {unknown}
 G - 2 potions of heal wounds {unknown}
 I - a potion of flight {unknown}
 J - a potion of invisibility {unknown}
 K - 2 potions of resistance {unknown}
 Q - a potion of ambrosia {unknown}
 T - a potion of degeneration {unknown}
 W - a potion of agility {unknown}
Books
 X - a manual of Axes
Comestibles
 c - 28 rations


   Skills:
 + Level 11.9 Fighting
 * Level 4.7 Long Blades
 - Level 2.0 Maces & Flails
 + Level 12.9 Polearms
 + Level 9.9 Armour
 + Level 8.9 Dodging
 + Level 3.4 Stealth
 * Level 18.0 Shields


You had 13 spell levels left.
You didn't know any spells.
Your spell library contained the following spells:

 Spells                   Type           Power        Failure   Level  Hunger
 Animate Skeleton         Necr           N/A          54%         1    ##.....
 Confusing Touch          Hex            #.....       54%         1    ##.....
 Flame Tongue             Conj/Fire      #....        54%         1    ##.....
 Pain                     Necr           #...         54%         1    ##.....
 Summon Small Mammal      Summ           #...         54%         1    ##.....
 Call Imp                 Summ           #.......     67%         2    ###....
 Call Canine Familiar     Summ           #.......     88%         3    ####...
 Confuse                  Hex            #.......     88%         3    ####...
 Gell's Gravitas          Tloc           #.........   88%         3    ####...
 Regeneration             Chrm/Necr      #.........   88%         3    ####...
 Summon Guardian Golem    Hex/Summ       #.......     88%         3    ####...
 Vampiric Draining        Necr           #.........   88%         3    ####...
 Animate Dead             Necr           N/A          99%         4    #####..
 Cause Fear               Hex            #.........   99%         4    #####..
 Petrify                  Tmut/Erth      #.......     99%         4    #####..
 Summon Ice Beast         Ice/Summ       #.......     99%         4    #####..
 Summon Lightning Spire   Summ/Air       #.......     99%         4    #####..
 Metabolic Englaciation   Hex/Ice        #.........   100%        5    ######.
 Yara's Violent Unravell  Hex/Tmut       #.........   100%        5    ######.
 Bolt of Fire             Conj/Fire      #.........   100%        6    #######
 Dragon Form              Tmut           #.........   100%        7    #######
 Dragon's Call            Summ           #.........   100%        9    #######


Dungeon Overview and Level Annotations

Branches:
Dungeon (10/15)            Temple (1/1) D:7            Lair (6/6) D:9
  Swamp (1/4) Lair:4        Snake (0/4) Lair:3        Slime (1/5) Lair:6
    Orc: D:9-12

Altars:
Ashenzari
Cheibriados
Dithmenos
Elyvilon
Fedhas
Gozag
Hepliaklqana
Kikubaaqudgha
Makhleb
Nemelex Xobeh
Okawaru
Qazlal
Ru
Sif Muna
Trog
Uskayaw
Vehumet
Wu Jian
Xom
Yredelemnul
Zin
The Shining One

Shops:
D:6 ?   D:8 (   D:9 (

Annotations:
D:6 2 runed translucent doors, petercordia5's ghost, novice GnWz
D:9 2 transporters
Lair:1 exclusion: 2 oklob plants
Lair:6 exclusion: oklob plant


Innate Abilities, Weirdness & Mutations

You reflexively headbutt those who attack you in melee.
You have a pair of horns on your head.


Message History

You barely miss the azure jelly.
You are splashed with acid.
You resist.
* * * LOW HITPOINT WARNING * * *
The golden eye blinks at you.
You are more confused.
The azure jelly hits you but does no damage. x3
The azure jelly hits you!
* * * LOW HITPOINT WARNING * * *
The golden eye blinks at you. The large slime creature hits you!!
* * * LOW HITPOINT WARNING * * *
Unknown command.
You puncture the golden eye!
You kill the golden eye!
Trog accepts your kill.
You are splashed with acid.
You resist.
* * * LOW HITPOINT WARNING * * *
The azure jelly misses you. The azure jelly barely misses you.
The azure jelly hits you but does no damage.
The azure jelly hits you!
You die...

........<.......
.....##....#.##.
.....##.....###
#.............##
##.#...........#
##.....#.#.##
##.........##
#...JGJJ..##
##....@#..#
###.......#
###.##.## ### ##


You could see an azure jelly, a large slime creature, a slime creature and a
golden eye.

Vanquished Creatures
  5 dire elephants (Lair:6)
  Erolcha (D:9)
  7 hydras
  4 two-headed ogres
  Erica (D:9)
  An anaconda (Lair:6)
  A queen ant (Lair:3)
  12 elephants
  A centaur zombie (D:9)
  3 black mambas
  9 spiny frogs
  A torpor snail (Lair:3)
  A hellion (D:9)
  A rime drake (Lair:5)
  An efreet (D:9)
  2 komodo dragons
  A polar bear (Lair:5)
  A tyrant leech (Swamp:1)
  3 trolls (D:9)
  Prince Ribbit (D:9)
  Grinder (D:5)
  4 hippogriffs
  2 dream sheep (Lair:3)
  4 blink frogs (Lair:6)
  A ynoxinul (Abyss:2)
  A wyvern (Lair:5)
  54 yaks
  A basilisk (Lair:3)
  4 hogs (D:7)
  A golden eye (Slime:1)
  A human (D:7)
  An acid dragon (D:8)
  3 nagas (Lair:3)
  8 porcupines
  20 soldier ants (Lair:3)
  12 water moccasins
  3 orc warriors
  A sky beast (D:9)
  A necrophage (D:5)
  9 ice beasts
  2 phantoms
  14 wolves
  5 ogres
  4 centaurs
  12 crocodiles
  12 bullfrogs
  A wyvern zombie (D:9)
  2 scorpions
  9 killer bees
  4 wights (D:6)
  2 howler monkeys
  2 hounds
  A jelly (D:9)
  6 orc priests
  17 orc wizards
  Crazy Yiuf (D:4)
  3 centaur skeletons
  2 iguanas
  22 worker ants
  7 hell rats (Lair:2)
  13 adders
  10 gnolls
  6 river rats (Lair:2)
  3 shadow imps
  2 oozes
  An adder zombie (D:6)
  2 worms
  A dart slug (D:4)
  3 leopard geckos
  26 orcs
  2 ball pythons
  9 giant cockroaches
  7 goblins
  7 hobgoblins
  13 jackals
  2 quokkas
  5 bats
  3 frilled lizards (D:2)
  11 kobolds
  2 leopard gecko skeletons
  A quokka skeleton (D:4)
  12 rats
  A fungus (D:4)
  4 plants (Lair:6)
463 creatures vanquished.

Vanquished Creatures (collateral kills)
  A torpor snail (Lair:5)
  A spiny frog (Lair:6)
  A blink frog (Lair:6)
  6 yaks
9 creatures vanquished.

Vanquished Creatures (others)
  2 fungi
  13 plants
  16 toadstools (Lair:6)
31 creatures vanquished.

Grand Total: 503 creatures vanquished

Notes
Turn   | Place    | Note
-------+----------+-------------------------------------------
     0 | D:1      | Xerfei the Minotaur Berserker began the quest for the Orb.
     0 | D:1      | Reached XP level 1. HP: 19/19 MP: 0/0
   131 | D:1      | Reached XP level 2. HP: 24/27 MP: 1/1
   591 | D:1      | Reached ** piety under Trog
   735 | D:1      | Reached XP level 3. HP: 20/34 MP: 2/2
  1551 | D:2      | Reached XP level 4. HP: 40/41 MP: 3/3
  1636 | D:2      | Found an ornate altar of the Wu Jian Council.
  2362 | D:2      | Reached skill level 1 in Maces & Flails
  2670 | D:2      | Found a hide-covered altar of Uskayaw.
  3212 | D:3      | Reached XP level 5. HP: 47/47 MP: 4/4
  3220 | D:3      | Found a glowing golden altar of the Shining One.
  3429 | D:3      | Reached skill level 5 in Fighting
  3429 | D:3      | Reached skill level 5 in Polearms
  3808 | D:3      | Reached *** piety under Trog
  3808 | D:3      | Reached skill level 1 in Stealth
  3993 | D:3      | Reached XP level 6. HP: 47/56 MP: 5/5
  4273 | D:5      | Entered Level 5 of the Dungeon
  4441 | D:4      | Reached skill level 1 in Shields
  4566 | D:4      | Reached XP level 7. HP: 56/61 MP: 6/6
  4777 | D:4      | Reached **** piety under Trog
  4783 | D:4      | Found a white marble altar of Elyvilon.
  4844 | D:4      | Found a deep blue altar of Sif Muna.
  5083 | D:4      | Found a runed translucent door.
  5084 | D:4      | Noticed Crazy Yiuf
  5095 | D:4      | Killed Crazy Yiuf
  5238 | D:5      | Reached skill level 2 in Shields
  5515 | D:5      | Reached skill level 3 in Shields
  5635 | D:6      | Found Lozippog's Magic Scroll Boutique.
  5682 | D:5      | Reached XP level 8. HP: 70/70 MP: 7/7
  5707 | D:5      | Noticed Grinder
  5715 | D:5      | Killed Grinder
  5730 | D:5      | Found an opulent altar of Gozag.
  5868 | D:6      | Noticed a two-headed ogre
  5894 | D:6      | Reached skill level 4 in Shields
  6216 | D:6      | Reached skill level 5 in Shields
  6268 | D:6      | Found a deep blue altar of Sif Muna.
  6279 | D:6      | Reached ***** piety under Trog
  6310 | D:6      | Reached skill level 6 in Shields
  6346 | D:6      | Found a runed translucent door.
  6528 | D:6      | Reached XP level 9. HP: 53/78 MP: 8/8
  6703 | D:6      | Noticed petercordia5's ghost (novice GnWz)
  6718 | D:7      | Found a basalt altar of Yredelemnul.
  6755 | D:6      | Killed a two-headed ogre
  6755 | D:6      | Reached skill level 5 in Armour
  6755 | D:6      | Reached skill level 7 in Shields
  6757 | D:6      | Reached skill level 8 in Shields
  6812 | D:6      | Found a shattered altar of Ashenzari.
  7073 | D:6      | Found a runed translucent door.
  7103 | D:6      | Reached skill level 10 in Polearms
  7246 | D:7      | Found a shadowy altar of Dithmenos.
  7752 | D:7      | Reached skill level 9 in Shields
  7757 | D:7      | Reached XP level 10. HP: 86/86 MP: 9/9
  7959 | D:7      | Found a staircase to the Ecumenical Temple.
  7966 | Temple   | Entered the Ecumenical Temple
  8197 | D:9      | Found a transporter.
  8197 | D:9      | Found a burning altar of Makhleb.
  8197 | D:9      | Noticed a gargoyle
  8240 | D:8      | Got a slimy rapier
  8524 | D:8      | Noticed a two-headed ogre
  8530 | D:8      | Killed a two-headed ogre
  8530 | D:8      | Reached skill level 10 in Shields
  8573 | D:8      | Found Biasech's Antique Weapon Shoppe.
  8829 | D:8      | Found a sacrificial altar of Ru.
  8905 | D:9      | Noticed Prince Ribbit
  9079 | D:8      | Found a shimmering altar of Xom.
  9379 | D:9      | Killed Prince Ribbit
  9433 | D:9      | Found a transporter.
  9445 | D:9      | Found Yrghixug's Weapon Boutique.
  9450 | D:9      | Noticed a two-headed ogre
  9462 | D:9      | Killed a two-headed ogre
  9602 | D:9      | Received a gift from Trog
  9604 | D:9      | Noticed Erica
  9641 | D:9      | Killed Erica
  9641 | D:9      | Reached skill level 11 in Shields
  9641 | D:9      | Reached XP level 11. HP: 93/95 MP: 7/10
  9642 | D:9      | Noticed Erolcha
  9647 | D:9      | Cast into level 2 of the Abyss (Erolcha)
  9718 | D:9      | Escaped the Abyss
  9719 | D:9      | HP: 3/95 [hellion (3)]
  9720 | D:9      | HP: 1/95 [hornet (3)]
 10009 | D:9      | Noticed a two-headed ogre
 10068 | D:9      | Killed a two-headed ogre
 10517 | D:9      | Killed Erolcha
 10517 | D:9      | Reached skill level 12 in Shields
 10562 | D:10     | Entered Level 10 of the Dungeon
 10579 | D:9      | Found a stormy altar of Qazlal.
 10617 | D:9      | Found a staircase to the Lair.
 10855 | D:9      | Found an iron altar of Okawaru.
 11168 | Lair:1   | Entered Level 1 of the Lair of Beasts
 11381 | Lair:1   | Noticed a six-headed hydra
 11406 | Lair:1   | Killed a six-headed hydra
 11406 | Lair:1   | Reached skill level 13 in Shields
 11700 | Lair:1   | Noticed an oklob plant
 11738 | Lair:1   | Noticed an oklob plant
 12107 | Lair:2   | Reached skill level 10 in Fighting
 12122 | Lair:2   | Reached XP level 12. HP: 104/106 MP: 5/11
 12728 | Lair:2   | Reached skill level 5 in Dodging
 12738 | Lair:2   | Noticed a five-headed hydra
 12750 | Lair:2   | Killed a five-headed hydra
 12818 | Lair:2   | Received a gift from Trog
 13149 | Lair:3   | Reached skill level 14 in Shields
 13673 | Lair:3   | Noticed a queen ant
 13683 | Lair:3   | Reached skill level 15 in Shields
 13689 | Lair:3   | Killed a queen ant
 14001 | Lair:3   | Received a gift from Trog
 14570 | Lair:3   | Found a staircase to the Snake Pit.
 14759 | Lair:3   | Reached skill level 16 in Shields
 15242 | Lair:4   | Reached XP level 13. HP: 115/115 MP: 12/12
 15284 | Lair:4   | Found a staircase to the Swamp.
 16535 | Lair:5   | Received a gift from Trog
 16669 | Lair:6   | Entered Level 6 of the Lair of Beasts
 16902 | Lair:6   | Found a staircase to the Slime Pits.
 16967 | Lair:5   | Reached skill level 17 in Shields
 17586 | Swamp:1  | Entered Level 1 of the Swamp
 17826 | Lair:6   | Reached skill level 1 in Long Blades
 18857 | Lair:6   | Found a blossoming altar of Fedhas.
 19061 | Lair:6   | Noticed a dire elephant
 19068 | Lair:6   | Noticed a dire elephant
 19068 | Lair:6   | Noticed a dire elephant
 19121 | Lair:6   | Noticed a dire elephant
 19142 | Lair:6   | Killed a dire elephant
 19142 | Lair:6   | Received a gift from Trog
 19142 | Lair:6   | Reached XP level 14. HP: 107/125 MP: 10/13
 19588 | Lair:6   | Reached skill level 18 in Shields
 19931 | Slime:1  | Entered Level 1 of the Pits of Slime
 19945 | Slime:1  | Noticed an azure jelly
 19955 | Slime:1  | HP: 4/125 [acid (3)]
 19955 | Slime:1  | Slain by an azure jelly

Levels and vault maps discovered:
D:1:      minmay_arrival_arboretum_small, layout_loops_cross
D:2:      layout_rooms, overflow_temple_1_default,
          nicolae_overflow_hidden_temple, serial_co_window_serial,
          co_window_corner_a, co_window_paths_a, co_window_cross_1,
          co_window_paths_b, co_window_paths_a, co_window_corner_a,
          co_window_corner_b, co_window_cross_2, co_window_of_opportunity_c,
          co_window_4corner_a, co_window_sun, glass_columns_b, glass_columns_b,
          minmay_heptomino_o4
D:3:      layout_basic, tso_oasis_becter
D:4:      layout_basic, elyvilon_altar_3, first_ration, lemuel_blue_sif_altar,
          uniq_crazy_yiuf_cottage
D:5:      layout_cave_pools, old_standard_altar, uniq_grinder
D:6:      kennysheep_orc_sif_temple, layout_cave_pools,
          overflow_temple_1_default, ebering_ghost_sewer_f, serial_shops, shop
D:7:      layout_loops_ring, lemuel_round_altar,
          minmay_temple_entry_proselytizer, grunt_livestock,
          minmay_misc_feat_chi, hangedman_decor_points,
          hangedman_decor_clover_reticule, grunt_dithmenos_smoke_and_mirrors
D:8:      layout_basic, lemuel_coloured_pillars_altar, kennysheep_mini_moat,
          serial_shops, shop
D:9:      layout_loops_ring, gammafunk_temple_overflow_arena, okawaru_trees_2,
          lemuel_crystal_altar, lair_entry_dummy, serial_shops, shop,
          hangedman_minor_gate_pass, uniq_erolcha, uniq_prince_ribbit1,
          uniq_erica
D:10:     layout_stronghold, uniq_harold, uniq_joseph
Temple:   eino_temple_lava
Lair:1:   layout_regular_city, minmay_lair_oklob_chamber,
          infiniplex_staircase_pool
Lair:2:   layout_regular_city, kennysheep_abandoned_house, serial_bayou_shore_b
Lair:3:   layout_hall_layers, guppyfry_snake_entry_island,
          nicolae_volcano_entry_lava_flow, portal_ice_cave_entry_ice_beasts,
          minivault_29, lemuel_fruit_tree
Lair:4:   layout_cave_pods, swamp_mist_pool
Lair:5:   layout_loops_ring, lemuel_fruit_fields
Lair:6:   due_jungle_book, layout_long_grid, slime_dummy,
          chequers_serial_rivers_small_b, tgw_fedhas
Swamp:1:  layout_basic_swamp, serial_swamp_ruin, evilmike_swamp_ruin_house_2,
          evilmike_swamp_ruin_house_6, hangedman_swamp_ruin_wall, swamp_pool1,
          nicolae_swamp_trees_clearing, infiniplex_staircase_pool_2, uniq_kirke
Slime:1:  layout_caves

Skill      XL: |  1  2  3  4  5  6  7  8  9 10 11 12 13 14 |
---------------+-------------------------------------------+-----
Polearms       | 4 5 6 7 9 10 12 | 12.9
Fighting       | 4 5 6 7 8 10 11 | 11.9
Dodging        | 3 4 7 8 |  8.9
Maces & Flails | 1 2 |  2.0
Armour         | 3 4 6 8 9 |  9.9
Stealth        | 1 2 3 |  3.4
Shields        | 1 3 6 9 11 13 16 17 18 | 18.0
Long Blades    | 3 4 |  4.7

Action                   |  1- 3 |  4- 6 |  7- 9 | 10-12 | 13-15 || total
-------------------------+-------+-------+-------+-------+-------++-------
Melee: Spear             |    77 |    87 |       |       |       ||   164
       Headbutt          |    14 |    28 |    54 |   193 |   146 ||   435
       Flail             |     5 |    16 |       |    12 |    27 ||    60
       Trident           |       |    76 |   259 |   815 |   442 ||  1592
       Demon blade       |       |       |       |       |    28 ||    28
Invok: Berserk           |     1 |     3 |     6 |    16 |     9 ||    35
       Trog's Hand       |       |       |       |     2 |     1 ||     3
       Brothers in Arms  |       |       |       |       |     3 ||     3
  Use: Scroll            |       |     2 |     4 |    10 |     4 ||    20
       Potion            |       |       |       |     4 |     1 ||     5
 Stab: Sleeping          |       |     1 |       |     1 |     1 ||     3
  Eat: Chunk             |     1 |     7 |    12 |    22 |    10 ||    52
       Ration            |     1 |     1 |     1 |     6 |     4 ||    13
Armor: Animal skin       |    15 |       |       |       |       ||    15
       Leather armour    |       |    30 |     2 |       |       ||    32
       Plate armour      |       |       |    69 |    79 |       ||   148
       Troll leather arm |       |       |       |    74 |    92 ||   166
Dodge: Dodged            |    41 |    74 |    51 |   258 |   204 ||   628
Block: Shield            |       |    12 |   108 |   477 |   332 ||   929
       Rpst.: Demon blade |       |       |       |       |     3 ||     3

Table legend:
 A = Non-vault XP
 B = Vault XP
 C = Vault XP percentage of total XP
 D = Non-vault monster count
 E = Vault monster count
 F = Vault count percentage of total count
                 A         B        C        D         E       F
            +---------+---------+-------+---------+---------+-------
      Total |   55366 |   15010 |  21.3 |     369 |      98 |  21.0
            +---------+---------+-------+---------+---------+-------
        D:1 |      67 |       0 |   0.0 |      24 |       0 |   0.0
        D:2 |     102 |       4 |   3.8 |      24 |       3 |  11.1
        D:3 |     211 |       0 |   0.0 |      26 |       0 |   0.0
        D:4 |     448 |      39 |   8.0 |      29 |       1 |   3.3
        D:5 |     701 |     422 |  37.6 |      13 |       2 |  13.3
        D:6 |    2259 |      76 |   3.3 |      32 |       2 |   5.9
        D:7 |     676 |    1007 |  59.8 |      12 |       6 |  33.3
        D:8 |    2098 |       0 |   0.0 |      23 |       0 |   0.0
        D:9 |    4739 |    3026 |  39.0 |      25 |       9 |  26.5
     Lair:1 |    3551 |     287 |   7.5 |      14 |       2 |  12.5
     Lair:2 |    1990 |    1246 |  38.5 |      10 |      18 |  64.3
     Lair:3 |    7516 |    6041 |  44.6 |      36 |      50 |  58.1
     Lair:4 |    5073 |       0 |   0.0 |      17 |       0 |   0.0
     Lair:5 |    9314 |       0 |   0.0 |      41 |       0 |   0.0
     Lair:6 |   15924 |    2862 |  15.2 |      40 |       5 |  11.1
    Swamp:1 |     304 |       0 |   0.0 |       1 |       0 |   0.0
    Slime:1 |     185 |       0 |   0.0 |       1 |       0 |   0.0
    Abyss:2 |     208 |       0 |   0.0 |       1 |       0 |   0.0
            +---------+---------+-------+---------+---------+-------
